 Dungeon Crawl Stone Soup version 0.29-a0-451-gfbfa424 (webtiles) character file.

Game seed: 3419603842170194144

128 Toastz the Insei (level 4, 0/34 HPs)
             Began as a Demonspawn Transmuter on May 19, 2022.
             Slain by an iguana (12 damage)
             ... on level 3 of the Dungeon.
             The game lasted 00:09:51 (4331 turns).

Toastz the Insei (Demonspawn Transmuter)            Turns: 4331, Time: 00:09:51

Health: 0/34       AC:  4    Str: 13    XL:     4   Next: 87%
Magic:  6/7        EV: 12    Int: 14    God:
Gold:   148        SH:  0    Dex: 13    Spells: 1/7 levels left

rFire   . . .      SeeInvis .     - Unarmed
rCold   . . .      Faith    .   (no shield)
rNeg    . . .      Spirit   .   a - +0 robe
rPois   .          Reflect  .   (helmet currently unavailable)
rElec   .          Harm     .   (no cloak)
rCorr   .          Rampage  .   (no gloves)
Will    .....                   (boots currently unavailable)
Stlth   +.........              (no amulet)
HPRegen 0.11/turn               (no ring)
MPRegen 0.10/turn               (no ring)

@: appendages, studying Crossbows
A: talons 2, antennae 1, slimy green scales 1, powered by death 1
a: End Transformation


You were on level 3 of the Dungeon.
You had temporarily grown beastly talons.
You visited 1 branch of the dungeon, and saw 4 of its levels.

You collected 170 gold pieces.
You spent 22 gold pieces at shops.

Inventory:

Missiles
 g - 156 stones
 l - 3 boomerangs (quivered)
Armour
 a - a +0 robe (worn)
 k - the +8 chain mail of the Immovable Nights {Rampage +Blink}
   (You found it on level 2 of the Dungeon)

   +Blink:    It lets you blink.
   Rampage:   It bestows one free step when moving towards enemies.
Jewellery
 r - an amulet of guardian spirit
Scrolls
 c - 3 scrolls of teleportation
 d - a scroll of vulnerability {unknown}
 f - a scroll of acquirement {unknown}
 h - a scroll of poison
 i - a scroll of blinking
 j - a scroll of enchant armour
 p - a scroll of noise {unknown}
 q - a scroll of magic mapping {unknown}
Potions
 b - 2 potions of lignification
 e - a potion of experience {unknown}
 m - a potion of heal wounds {unknown}
 n - a potion of cancellation {unknown}
 o - a potion of haste {unknown}


   Skills:
 + Level 2.5 Fighting
 - Level 1.7 Dodging
 * Level 4.3 Unarmed Combat
 - Level 2.0 Spellcasting
 - Level 2.0 Transmutations
 + Level 0.8 Poison Magic


You had one spell level left.
You knew the following spells:

 Your Spells              Type           Power      Damage    Failure   Level
a - Beastly Appendage     Tmut           14%        N/A       11%         1
b - Wereblood             Tmut           7%         N/A       16%         2
c - Spider Form           Tmut/Pois      5%         N/A       38%         3

Your spell library contained the following spells:

 Spells                   Type           Power      Damage    Failure   Level
 Apportation              Tloc           2%         N/A       24%         1
 Ice Form                 Ice/Tmut       4%         N/A       83%         4
 Olgreb's Toxic Radiance  Pois           3%         N/A       86%         4
 Alistair's Intoxication  Tmut/Pois      3%         N/A       98%         5
 Ozocubu's Refrigeration  Ice            0%         4d5       100%        7
 Ignition                 Fire           0%         3d3       100%        8


Dungeon Overview and Level Annotations

Branches:
Dungeon (4/15)
 Temple: D:4-7

Altars:
Fedhas

Shops:
D:3 !*(:(

Annotations:
D:2 Sigmund


Innate Abilities, Weirdness & Mutations

You have temporarily grown beastly talons.
You have a pair of small antennae on your head.
You are partially covered in slimy green scales. (AC +2)
You regenerate a little health from kills.


Message History

Your feet morph into talons.
Your transformation is almost over.
You barely miss the orc. The orc hits you with a +0 hand axe.
You barely miss the orc. The orc misses you.
You closely miss the orc. The orc hits you with a +0 hand axe.
You closely miss the orc. Your kick misses the orc. The orc closely misses you.
The iguana barely misses you.
You hit the orc. You claw the orc.
The orc is almost dead.
The orc closely misses you. The iguana misses you.
You hit the orc.
You kill the orc!
The iguana closely misses you. The dart slug launches a dart at you.
The slug dart hits you but does no damage.
You hit the iguana.
The iguana is moderately wounded.
The iguana bites you.
You hit the iguana but do no damage.
The iguana is moderately wounded.
The dart slug launches a dart at you. The slug dart hits you.
You barely miss the iguana. Your kick misses the iguana.
The iguana is moderately wounded.
The iguana bites you!
You hit the iguana but do no damage.
The iguana is moderately wounded.
Your talons disappear.
The iguana closely misses you.
The dart slug briefly extends its eye-stalks.
The iguana attacks as you move away! The iguana barely misses you.
There is a stone staircase leading up here.
The iguana closely misses you.
You climb upwards.
There is a stone staircase leading down here.
Casting: Beastly Appendage (safe; 11% risk of failure)
Confirm with . or Enter, or press ? or * to list all spells.
Your feet morph into talons.
The iguana bites you. The iguana bites you!
You die...

....######...##.##### #P≈P≈P.P##
###.................# #≈P≈≈≈PPP#
########..........# ##P≈♣≈≈≈PP#
#...........###≈P≈♣♣≈♣P≈#
#..............P≈≈≈♣≈≈≈..
#..........>##≈P≈♣♣P♣♣≈≈P ######
##..........##PP♣PPPP≈♣♣. .....#
###.....l..#P≈♣≈PP.PP♣♣P
..##.########...@>..#PP≈≈P...≈≈≈P
.†.#......# ###.####P.≈≈PP.##.≈♣≈
.....####.# #.####≈P♣≈.#.##.P≈P
∩....# #.# #.#..≈≈P≈P≈#.##.P≈♣
....#####.### #.#..≈PP≈≈P#....≈≈≈
...##.......# #.#..P≈≈P...###.PP≈
..###.###.#.###.#.#≈≈PP.....#...P
#....................###..#.#....
#..........##.....#### #.#...####


You could see an iguana.

Vanquished Creatures
  An orc priest (D:4)
  2 adders
  2 dart slugs
  2 orcs
  7 ball pythons
  8 bats
  9 endoplasms
  2 giant cockroaches
  9 hobgoblins
  8 kobolds
  3 quokkas
  2 frilled lizards (D:2)
  8 goblins
  6 rats
69 creatures vanquished.

Notes
Turn   | Place    | Note
-------+----------+-------------------------------------------
     0 | D:1      | Toastz the Demonspawn Transmuter began the quest for the
                  | Orb.
     0 | D:1      | Reached XP level 1. HP: 15/15 MP: 3/3
   317 | D:1      | Reached skill level 3 in Unarmed Combat
   421 | D:1      | Lost mutation: You have a pair of horns on your head.
                  | [demonic ancestry]
   421 | D:1      | Lost mutation: You have a pair of small horns on your head.
                  | [demonic ancestry]
   421 | D:1      | Gained mutation: You have a pair of small antennae on your
                  | head. [demonic ancestry]
   421 | D:1      | Reached XP level 2. HP: 11/21 MP: 1/5
   794 | D:1      | Learned a level 2 spell: Wereblood
  1427 | D:1      | Found a faded altar of an unknown god.
  1903 | D:2      | Gained mutation: You are partially covered in slimy green
                  | scales. (AC +2) [demonic ancestry]
  1903 | D:2      | Reached XP level 3. HP: 19/27 MP: 4/6
  2029 | D:2      | Noticed Sigmund
  2271 | D:2      | Identified the +8 chain mail of the Immovable Nights
                  | {Rampage +Blink}
  2856 | D:2      | Reached skill level 4 in Unarmed Combat
  3027 | D:3      | Found Nutabrilu's Distillery.
  3220 | D:3      | Found Gamequeg's Book Emporium.
  3227 | D:3      | Learned a level 3 spell: Spider Form
  3275 | D:3      | Gained mutation: You regenerate a little health from kills.
                  | [demonic ancestry]
  3275 | D:3      | Reached XP level 4. HP: 33/33 MP: 5/7
  3410 | D:3      | Found Jiojuc's Antique Weapon Boutique.
  3499 | D:3      | Found Porer's General Store.
  3508 | D:3      | Bought a scroll of identify for 22 gold pieces
  3666 | D:3      | Found Viadiy's Weapon Shop.
  4209 | D:4      | Found a blossoming altar of Fedhas.
  4331 | D:3      | Slain by an iguana

Illustrated notes

Levels and vault maps discovered:
D:1:      scummos_arrival_simple_crosswalls, layout_loops_corners,
          shapermc_ecumenical_altar_starsandcircs, roderic_roman_lattice
D:2:      kb_forest_paths, layout_loops_cross, minmay_misc_feat_room,
          bh_walls_and_bars, uniq_sigmund
D:3:      minmay_diamond_boxcup, layout_loops_corners, serial_shops, shop,
          nicolae_shop_bloodbath_and_beyond, nicolae_shop_stone,
          nicolae_shop_temple_entry_statues_fountains, shop,
          serial_bayou_lagoon_a, item_on_display_a
D:4:      layout_basic, lemuel_doored_altar, mainiacjoe_overflow_tiny_flanked,
          minmay_temple_entry_trees, hangedman_decor_push, minmay_quantized,
          uniq_natasha

Skill      XL: |  1  2  3  4 |
---------------+-------------+-----
Unarmed Combat | 3 4 |  4.3
Fighting       | 2 |  2.5
Transmutations | 2 |  2.0
Dodging        | |  1.7
Spellcasting   | |  2.0
Poison Magic   | |  0.8

Action                   |  1- 3 |  4- 6 || total
-------------------------+-------+-------++-------
Melee: Unarmed           |   135 |    54 ||   189
       Kick              |    26 |    10 ||    36
       Headbutt          |     4 |       ||     4
       Punch             |     3 |       ||     3
Throw: Boomerang         |     4 |    10 ||    14
 Cast: Beastly Appendage |    33 |    16 ||    49
       Wereblood         |     1 |       ||     1
  Use: Scroll            |     2 |     2 ||     4
 Stab: Sleeping          |     2 |     1 ||     3
Armor: Robe              |    23 |    12 ||    35
Dodge: Dodged            |    76 |    32 ||   108

Table legend: (Time is in decaauts)
 A = Elapsed time spent in this place.
 B = Non-inter-level travel time spent in this place.
 C = Inter-level travel time spent in this place.
 D = Time resting spent in this place.
 E = Time spent auto-exploring this place.
 F = Levels seen in this place.
 G = Mean time per level.
                   A        B        C        D        E       F      G
               +--------+--------+--------+--------+--------+-----+--------+
         Total |   4329 |   4073 |    256 |    618 |   2649 |   4 | 1082.2 |
       Dungeon |   4329 |   4073 |    256 |    618 |   2649 |   4 | 1082.2 |
               +--------+--------+--------+--------+--------+-----+--------+

Top non-repeatable levels by time:
     D:1: 2003 daAuts
     D:3: 1184 daAuts
     D:2: 1017 daAuts
     D:4: 124 daAuts
